 Dungeon Crawl Stone Soup version 0.19-a0-45-g2c295ea (webtiles) character file.

2065 M4edhros the Martial Artist (level 9, 0/58 HPs)
             Began as an Octopode Necromancer on May 5, 2016.
             Was an Initiate of Cheibriados.
             Slain by a wyvern (20 damage)
             ... on level 9 of the Dungeon.
             The game lasted 00:31:49 (4203 turns).

M4edhros the Martial Artist (Octopode Necromancer)  Turns: 4203, Time: 00:31:50

Health: 0/58       AC:  1    Str: 19    XL:     9   Next: 26%
Magic:  3/12       EV: 14    Int: 18    God:    Cheibriados [......]
Gold:   293        SH:  0    Dex: 16    Spells: 4 memorised, 4 levels left

rFire  . . .     SeeInvis .       - Unarmed
rCold  . . .     Gourm    .     (no shield)
rNeg   . . .     Faith    .     (helmet restricted)
rPois  .         Spirit   .     y - amulet of dismissal
rElec  .         Dismiss  +     e - +5 ring of strength
rCorr  .         Reflect  .     s - ring of sustain attributes
SustAt +         Harm     .     (no ring)
MR     .....                    (no ring)
Stlth  +++.......               (no ring)
                                (no ring)
                                (no ring)
                                (no ring)

@: mighty, very slightly contaminated, regenerating (expiring), very slow, not
resistant to hostile enchantments, fairly stealthy
A: almost no armour, amphibious, 8 rings, constrict 8, camouflage 1, gelatinous
body 1
a: Bend Time, Renounce Religion


You were on level 9 of the Dungeon.
You worshipped Cheibriados.
Cheibriados was noncommittal.
You were hungry.

You visited 2 branches of the dungeon, and saw 10 of its levels.

You collected 454 gold pieces.
You spent 161 gold pieces at shops.

Inventory:

Hand Weapons
 u - a +2 hunting sling of flaming
 F - a +0 blowgun
Missiles
 c - 74 sling bullets
 G - 32 poisoned needles
Armour
 l - a fire dragon hide
Magical Staves
 f - an uncursed staff of power
Jewellery
 e - a +5 ring of strength (left tentacle)
 m - an uncursed amulet of faith
 s - a ring of sustain attributes (right tentacle)
 y - an amulet of dismissal (around mantle)
Wands
 o - a wand of random effects (21/48)
 w - a wand of random effects (19/48)
 E - a wand of iceblast (8/15)
 H - a wand of polymorph (13/24)
 K - a wand of flame (35/48)
Scrolls
 j - 3 scrolls of teleportation
 k - a scroll of amnesia
 n - a scroll of magic mapping
 x - a scroll of noise
 A - a scroll of recharging
 C - 2 scrolls of random uselessness
 D - a scroll of brand weapon {unknown}
 I - a scroll of fear
 L - 2 scrolls of identify
 N - 4 scrolls of remove curse {unknown}
 Q - a scroll of blinking
Potions
 d - a potion of mutation {unknown}
 g - 3 potions of agility
 h - a potion of ambrosia {unknown}
 t - a potion of berserk rage {unknown}
 v - a potion of degeneration
 B - a potion of cancellation
 M - a potion of heal wounds {unknown}
 O - 2 potions of might
 P - 2 potions of flight {unknown}
Books
 a - a book of Necromancy

   Spells                             Type                      Level
   a - Pain                           Necromancy                   1
   b - Animate Skeleton               Necromancy                   1
   c - Vampiric Draining              Necromancy                   3
   d - Regeneration                   Charms/Necromancy            3
   e - Animate Dead                   Necromancy                   4
   f - Control Undead                 Necromancy                   4
 p - a book of Beasts

   Spells                             Type                      Level
   a - Summon Butterflies             Summoning                    1
   b - Call Canine Familiar           Summoning                    3
   c - Summon Ice Beast               Ice/Summoning                4
   d - Summon Mana Viper              Hexes/Summoning              5
   e - Summon Hydra                   Summoning                    7
Comestibles
 b - 5 bread rations
 i - 8 slices of pizza
 q - 8 fruits
 r - 5 meat rations
 z - 2 beef jerkies


   Skills:
 + Level 3.7 Fighting
 + Level 4.5 Dodging
 - Level 2.6 Stealth
 * Level 8.7 Unarmed Combat
 - Level 2.0 Spellcasting
 - Level 5.3 Summonings
 - Level 4.0 Necromancy


You had 4 spell levels left.
You knew the following spells:

 Your Spells              Type           Power        Failure   Level  Hunger
a - Pain                  Necr           ###.         3%          1    #......
b - Animate Skeleton      Necr           N/A          3%          1    #......
c - Call Canine Familiar  Summ           ###.....     10%         3    ###....
r - Regeneration          Chrm/Necr      #.........   24%         3    ###....


Dungeon Overview and Level Annotations

Branches:
Dungeon (9/15)             Temple (1/1) D:6
   Lair: D:8-11         Orc: D:9-12

Altars:
Ashenzari
Cheibriados
Dithmenos
Elyvilon
Fedhas
Gozag
Makhleb
Nemelex Xobeh
Okawaru
Pakellas
Qazlal
Ru
Sif Muna
Trog
Vehumet
Xom
Yredelemnul
Zin
The Shining One

Shops:
D:4 (   D:6 ?[([

Annotations:
D:5 Grinder
D:6 Dowan, Duvessa
D:7 Piety stash for chei


Innate Abilities, Weirdness & Mutations

You cannot wear most types of armour.
You are amphibious.
You can wear up to eight rings at the same time.
You can use your tentacles to constrict eight enemies at once.
Your skin changes colour to match your surroundings (Stealth).
Your rubbery body absorbs attacks (AC +1).


Message History

Casting: Regeneration
Confirm with . or Enter, or press ? or * to list all spells.
Your skin crawls.
You are near starving!
Your skin is crawling a little less now.
Casting: Regeneration
Confirm with . or Enter, or press ? or * to list all spells.
Eat which item? (? for menu, Esc to quit)
That beef jerky was jerk-a-riffic!
Casting: Call Canine Familiar
Confirm with . or Enter, or press ? or * to list all spells.
Your skin crawls.
The wyvern closely misses you.
You barely miss the wyvern. The wyvern bites you!
You are feeling hungry.
You bludgeon the wyvern!
The wyvern is heavily wounded.
Your skin is crawling a little less now.
The wyvern bites you! The wyvern bites you!!
You die...

#.............##..# #.
###......>..... #..# #.
.........# ### #..# #.
#....# #..# #.
#####....#### #..# #.
.............######..####.
######.##.................
#. #h##########.##### #.
#@# #.# #. #l# #.# #. #.#
#.# #. #.# #.# ..# #.# ...
.. #.# #.#


You could see a wyvern and a friendly hound.

Vanquished Creatures
  A yak (D:9)
  An orc warrior (D:5)
  A sky beast (D:8)
  A black bear (D:8)
  2 ogres
  2 big kobolds (D:8)
  A giant frog (D:6)
  4 scorpions
  2 wights (D:8)
  A howler monkey (D:7)
  A crimson imp (D:9)
  2 orc priests (D:4)
  4 hounds
  A jelly (D:9)
  A centaur skeleton (D:4)
  An iguana (D:4)
  6 worker ants
  2 sheep (D:7)
  A hound zombie (D:4)
  A howler monkey zombie (D:8)
  3 gnolls
  6 adders
  An ooze (D:7)
  3 worms
  4 giant geckos
  7 orcs
  2 ball pythons (D:3)
  10 bats
  4 giant cockroaches
  5 goblins
  A hobgoblin (D:2)
  9 jackals
  14 kobolds
  4 quokkas
  A giant gecko skeleton (D:5)
  5 giant newts
  A quokka zombie (D:7)
  7 rats
123 creatures vanquished.

Vanquished Creatures (collateral kills)
  A human (D:7)
  Eustachio (D:6)
  A hippogriff (D:7)
  2 sheep (D:7)
  An adder (D:5)
  An orc (D:5)
  A kobold (D:8)
8 creatures vanquished.

Grand Total: 131 creatures vanquished

Notes
Turn   | Place    | Note
--------------------------------------------------------------
     0 | D:1      | M4edhros the Octopode Necromancer began the quest for the Orb.
     0 | D:1      | Reached XP level 1. HP: 11/11 MP: 3/3
    58 | D:1      | Reached skill level 1 in Unarmed Combat
    62 | D:1      | Learned a level 1 spell: Animate Skeleton
   115 | D:1      | Reached XP level 2. HP: 6/17 MP: 0/5
   162 | D:2      | Reached skill level 2 in Unarmed Combat
   476 | D:2      | Reached XP level 3. HP: 6/21 MP: 4/6
   483 | D:2      | Learned a level 3 spell: Regeneration
   483 | D:2      | good, got ring 5 str, and got to lvl 3 at last
   611 | D:2      | Reached skill level 3 in Unarmed Combat
   611 | D:2      | Reached XP level 4. HP: 20/27 MP: 1/7
   713 | D:3      | got amulet of faith, im not sure if to use it
   741 | D:3      | Reached skill level 4 in Unarmed Combat
   801 | D:4      | Reached XP level 5. HP: 31/31 MP: 2/8
   817 | D:5      | Entered Level 5 of the Dungeon
   820 | D:5      | Noticed an orc warrior
   829 | D:4      | Reached skill level 5 in Unarmed Combat
   958 | D:4      | Noticed an ogre
   967 | D:4      | Learned a level 3 spell: Call Canine Familiar
   967 | D:4      | found beast book, gonna use that canine summons
  1057 | D:4      | Killed an ogre
  1057 | D:4      | Reached skill level 1 in Summonings
  1057 | D:4      | Reached XP level 6. HP: 36/36 MP: 5/9
  1058 | D:4      | ligni-ogre-scorpion, leveup
  1116 | D:5      | found staff of power, good
  1204 | D:5      | Found a glowing silver altar of Zin.
  1264 | D:5      | Killed an orc warrior
  1264 | D:5      | Reached skill level 6 in Unarmed Combat
  1264 | D:5      | Reached XP level 7. HP: 9/41 MP: 4/10
  1265 | D:5      | risky, but leveled. this hound helps much
  1301 | D:6      | Noticed Dowan
  1482 | D:6      | Found a staircase to the Ecumenical Temple.
  1512 | D:7      | Found a bloodstained altar of Trog.
  1685 | D:7      | Noticed a hippogriff
  1698 | D:7      | Killed a hippogriff
  1761 | Temple   | Entered the Ecumenical Temple
  1874 | D:7      | Found a burning altar of Makhleb.
  1913 | D:8      | Reached skill level 5 in Summonings
  1913 | D:8      | Reached XP level 8. HP: 37/47 MP: 5/11
  1965 | D:8      | Reached skill level 1 in Fighting
  2095 | D:8      | Reached skill level 7 in Unarmed Combat
  2474 | D:6      | Found Koupaink's Weapon Shoppe.
  2477 | D:6      | Found Pilaff's Antique Armour Emporium.
  2484 | D:6      | Noticed Eustachio
  2496 | D:6      | Killed Eustachio
  2514 | D:6      | Found Ruplow's General Store.
  2514 | D:6      | Found Qiptalipn's Magic Scroll Boutique.
  2521 | D:6      | Bought a scroll of fear for 49 gold pieces
  2521 | D:6      | Bought a scroll of identify for 28 gold pieces
  2525 | D:6      | Bought a scroll of identify for 28 gold pieces
  2525 | D:6      | Bought a scroll of identify for 28 gold pieces
  2525 | D:6      | Bought a scroll of identify for 28 gold pieces
  2534 | D:6      | Noticed Duvessa
  2585 | D:5      | Noticed Grinder
  2588 | D:5      | Paralysed by Grinder for 7 turns
  2846 | D:4      | Found Xeso's Antique Weapon Boutique.
  2967 | D:3      | no chei still...
  3200 | D:2      | got so many pots
  3215 | D:2      | 4 agi 3 str
  3297 | D:2      | Reached skill level 8 in Unarmed Combat
  3422 | D:6      | Found Ladatucka's Antique Armour Shop.
  3620 | D:9      | Noticed a yak
  3620 | D:9      | Noticed a yak
  3620 | D:9      | Noticed a yak
  3620 | D:9      | Noticed a yak
  3621 | D:9      | chei, plz be on lvl 9..
  3638 | D:9      | fuck... bad luck....
  3759 | D:9      | Reached XP level 9. HP: 21/56 MP: 5/12
  3894 | D:9      | Found an oddly glowing altar of Pakellas.
  3895 | D:9      | Found a shadowy altar of Dithmenos.
  3897 | D:9      | Found a stormy altar of Qazlal.
  3901 | D:9      | Found a basalt altar of Yredelemnul.
  3901 | D:9      | Found a radiant altar of Vehumet.
  3902 | D:9      | Found a white marble altar of Elyvilon.
  3904 | D:9      | Found a snail-covered altar of Cheibriados.
  3905 | D:9      | Found a sparkling altar of Nemelex Xobeh.
  3906 | D:9      | at last, 4k turns and found chei
  3908 | D:9      | Became a worshipper of Cheibriados the Contemplative
  4203 | D:9      | Slain by a wyvern

Vault maps used:
D:1:      saegor_arrival_simple_f, minmay_misc_feat_alley
D:4:      serial_shops, kennysheep_mini
D:5:      old_forge, kennysheep_mini_moat, first_bread, minivault_24,
          minmay_joined_circles, uniq_grinder
D:6:      minmay_temple_entry_from_below_a, serial_shops, shop, shop, shop,
          shop, nicolae_shop_overgrown_old_shop, uniq_duvessa, uniq_eustachio
D:7:      bloody_trog, lightli_temple_of_fire, grunt_livestock
D:9:      minitemple, lemuel_crystal_altar
Temple:   zaba_magenta_temple_8

Skill      XL: |  1  2  3  4  5  6  7  8 |
---------------+-------------------------+-----
Unarmed Combat | 1 2 3 4 5 6 8 |  8.7
Summonings     | 1 3 5 |  5.3
Fighting       | 3 |  3.7
Dodging        | 4 |  4.5
Stealth        | |  2.6
Spellcasting   | |  2.0
Necromancy     | |  4.0

Action                   |  1- 3 |  4- 6 |  7- 9 || total
-------------------------+-------+-------+-------++-------
Melee: Unarmed           |    33 |    63 |   227 ||   323
       Constrict         |    10 |    17 |    46 ||    73
       Tentacles         |     9 |    17 |    49 ||    75
       Punch             |       |     3 |    11 ||    14
       Staff             |       |     3 |     8 ||    11
 Fire: Hunting sling     |       |       |     9 ||     9
 Cast: Pain              |    21 |     9 |       ||    30
       Animate Skeleton  |     1 |     7 |    18 ||    26
       Regeneration      |     4 |     8 |    43 ||    55
       Call Canine Famil |       |     4 |    15 ||    19
Evoke: Wand              |       |       |     1 ||     1
  Use: Potion            |     1 |     2 |     6 ||     9
       Scroll            |       |       |    14 ||    14
 Stab: Sleeping          |     3 |     2 |    12 ||    17
       Distracted        |       |     1 |     4 ||     5
  Eat: Chunk             |       |     4 |    14 ||    18
       Beef jerky        |       |       |     2 ||     2
       Bread ration      |       |       |     1 ||     1
Armor: Skin              |     6 |     8 |    18 ||    32
Dodge: Dodged            |    17 |    28 |   122 ||   167
